 Dungeon Crawl Stone Soup version 0.17.0-56-gd8de76c (webtiles) character file.

110640 Hedron the Brawler (level 16, -2/146 HPs)
             Began as a Troll Hunter on Nov 3, 2015.
             Was the Champion of Makhleb.
             Slain by a naga warrior
             ... wielding a +0 mace
              (4 damage)
             ... on level 1 of the Snake Pit on Dec 6, 2015.
             The game lasted 01:28:29 (26917 turns).

Hedron the Brawler (Troll Hunter)                  Turns: 26917, Time: 01:28:29

Health: -2/146     AC:  9    Str: 31    XL:     16   Next: 7%
Magic:  23/23      EV:  7    Int:  8    God:    Makhleb [******]
Gold:   716        SH: 16    Dex: 19    Spells: 3 memorised, 9 levels left

rFire  + + .     SeeInvis .       - Unarmed
rCold  + . .     Clarity  .     d - +1 robe "Wappesudgh" {rF+ Str+2}
rNeg   . . .     SustAt   .     X - +2 large shield
rPois  +         Gourm    +     (helmet restricted)
rElec  .         Spirit   .     G - +2 cloak
rCorr  .         Warding  .     (gloves unavailable)
rMut   .         Stasis   .     (boots unavailable)
MR     +....                    (no amulet)
Stlth  +++.......               s - ring "Duoto" {Wiz rPois Str+5 Slay+4}
                                T - ring "Tiuxzufu" {+Fly rPois rF+ Dex+5 Stlth+}

@: constricted, somewhat resistant to hostile enchantments, fairly stealthy
A: unfitting armour, claws 3, cold resistance 1, fast metabolism 3, gourmand,
regeneration 2, shaggy fur 1, spit poison 1, tough skin 2
a: Spit Poison, Minor Destruction, Lesser Servant of Makhleb, Major Destruction,
Greater Servant of Makhleb, Renounce Religion, Evoke Flight


You were on level 1 of the Snake Pit.
You worshipped Makhleb.
Makhleb was exalted by your worship.
You were very full.

You visited 5 branches of the dungeon, and saw 29 of its levels.

You collected 3064 gold pieces.
You spent 2348 gold pieces at shops.

Inventory:

Hand Weapons
 S - a +0 blowgun
Missiles
 b - 3 throwing nets
 q - 79 poisoned needles
 r - 16 curare-tipped needles
 I - 4 large rocks (quivered)
Armour
 d - the +1 robe "Wappesudgh" (worn) {rF+ Str+2}
   (You bought it in a shop on level 4 of the Dungeon)

   It affects your strength (+2).
   It protects you from fire.
 F - a +2 robe of positive energy
 G - a +2 cloak (worn)
 X - a +2 large shield (worn)
Jewellery
 h - a +4 ring of protection
 s - the ring "Duoto" (right claw) {Wiz rPois Str+5 Slay+4}
   (You found it on level 4 of the Dungeon)

   [ring of wizardry]

   It improves your spell success rate.
   It affects your strength (+5).
   It affects your accuracy and damage with ranged weapons and melee attacks
   (+4).
   It protects you from poison.
 v - an uncursed ring of flight
 K - a cursed ring of teleportation
 N - an uncursed ring of see invisible
 T - the ring "Tiuxzufu" (left claw) {+Fly rPois rF+ Dex+5 Stlth+}
   (You bought it in a shop on level 4 of the Orcish Mines)

   [ring of protection from fire]

   It affects your dexterity (+5).
   It protects you from fire.
   It protects you from poison.
   It lets you fly.
   It makes you more stealthy.
Wands
 a - a wand of digging (14)
 H - a wand of cold (8)
 J - a wand of paralysis (18)
 L - a wand of fireball (11)
 P - a wand of hasting (4)
 R - a wand of lightning (8)
 U - a wand of draining (11)
 V - a wand of disintegration (5)
Scrolls
 g - 2 scrolls of identify
 i - 8 scrolls of recharging
 j - 4 scrolls of teleportation
 l - 9 scrolls of remove curse
 o - 8 scrolls of enchant weapon
 u - 6 scrolls of blinking
 y - 4 scrolls of magic mapping
 D - a scroll of fear
 M - 2 scrolls of enchant armour
Potions
 m - 2 potions of flight
 n - 4 potions of curing
 p - 4 potions of heal wounds
 x - 2 potions of berserk rage
 z - 6 potions of brilliance
 B - 7 potions of haste
 C - a potion of cancellation
 E - 2 potions of resistance
 O - 2 potions of cure mutation
 W - a potion of magic
Miscellaneous
 f - a lamp of fire
Comestibles
 c - 8 meat rations
 e - 21 bread rations
 k - 33 fruits
 t - 3 slices of pizza
 w - 4 chunks of flesh
 A - 5 beef jerkies


   Skills:
 + Level 6.4 Fighting
   Level 0.0 Short Blades
 - Level 13.0 Throwing
 + Level 6.5 Armour
 + Level 6.5 Dodging
 - Level 0.4 Stealth
 + Level 0.4 Shields
 - Level 18.1 Unarmed Combat
 - Level 10.8 Invocations


You had 9 spell levels left.
You knew the following spells:

 Your Spells              Type           Power        Failure   Level  Hunger
a - Apportation           Tloc           #.........   100%        1    ##.....
b - Summon Butterflies    Summ           #.......     100%        1    ##.....
c - Passage of Golubria   Tloc           N/A          100%        4    #####..


Dungeon Overview and Level Annotations

Branches:
Dungeon (15/15)            Temple (1/1) D:5            Lair (8/8) D:8
 Shoals (0/4) Lair:5        Snake (1/4) Lair:6        Slime (0/6) Lair:8
    Orc (4/4) D:9             Elf (0/3) Orc:3        Vaults (0/5) D:13
 Depths (0/5) D:15

Altars:
Ashenzari
Cheibriados
Dithmenos
Elyvilon
Fedhas
Gozag
Kikubaaqudgha
Makhleb
Nemelex Xobeh
Okawaru
Qazlal
Ru
Sif Muna
Trog
Vehumet
Xom
Yredelemnul
Zin
The Shining One
Beogh

Shops:
D:4 ![!?[   D:10 =   D:14 (   Orc:2 [   Orc:4 [(!=%

Portals:
Trove: D:11 (give horn of Geryon)


Innate Abilities, Weirdness & Mutations

You are too large for most types of armour.
You have claws for hands.
Your metabolism is lightning-fast.
You like to eat raw meat.
You heal very quickly.
You are covered in fur (AC +1).
You have very tough skin (AC +2).
Your flesh is cold resistant.
You can spit weak poison.


Message History

The naga warrior constricts you.
An anaconda comes into view.
The anaconda hisses angrily.
You scratch the naga warrior but do no damage.
The naga warrior is almost dead.
The naga warrior closely misses you.
* * * LOW HITPOINT WARNING * * *
The naga warrior constricts you.
Drink which item? (? for menu, Esc to quit)
You feel better. The naga warrior blocks your attack.
The naga warrior is almost dead.
The naga warrior hits you with a mace!
* * * LOW HITPOINT WARNING * * *
x2 The naga warrior constricts you.
The naga warrior blocks your attack.
The naga warrior is almost dead.
The naga warrior hits you with a mace!
* * * LOW HITPOINT WARNING * * *
You die...

##.####. . ##....#.##
... #.........
.....##### #........(
#......N.#
###.........
###.#.##@##
........... ..
#..######.........
#..
#......##.<....... #.
#......###........ #.
##........##....... #
#.........##.......
##.......(.###......
##...........###.....
#.#..........# ##....


You could see a naga warrior.

Vanquished Creatures
  An orc warlord (Orc:4)
  Maud (Orc:1)
  Nessos (Orc:3)
  A stone giant (Orc:3)
  2 fire dragons
  4 vault guards (D:13)
  Erolcha (Orc:2)
  A naga warrior (Snake:1)
  6 hydras
  An anaconda (Snake:1)
  4 centaur warriors
  The ghost of asdu the Carver, a journeyman HaFi of Makhleb (D:13)
  The ghost of 1viktor the Cleaver, a novice HOGl of Makhleb (Lair:1)
  2 ogre magi (D:15)
  A queen ant (Lair:7)
  4 tengu warriors
  Urug (D:11)
  An orc high priest (Orc:4)
  Sonja (Orc:2)
  Nergalle (Orc:3)
  3 skeletal warriors (D:15)
  4 unseen horrors
  2 hill giants
  A wolf spider zombie (D:15)
  A wizard (D:13)
  2 wolf spiders (Lair:8)
  3 orc sorcerers
  2 deep elf conjurers (D:15)
  7 ugly things
  3 manticores
  22 elephants
  An orc knight (D:13)
  A cyclops (D:15)
  2 guardian serpents
  Maurice (Orc:1)
  15 spiny frogs
  The ghost of SaintRoka the Ruffian, a novice NaTm (D:5)
  4 naga magi
  10 black mambas
  3 orange demons (D:14)
  3 gargoyles
  5 komodo dragons
  An efreet (D:15)
  8 fire drakes
  A guardian mummy (D:11)
  3 tengu conjurers
  6 trolls
  9 two-headed ogres
  4 red devils (D:14)
  Prince Ribbit (D:7)
  3 slime creatures (Lair:8)
  A boulder beetle (Lair:8)
  2 trapdoor spider zombies
  23 blink frogs
  3 deep elf magi
  A vampire (D:14)
  3 wraiths (D:13)
  36 yaks
  4 wyverns
  3 basilisks
  3 water elementals (D:15)
  2 hungry ghosts
  A fire elemental (Lair:6)
  Grum (D:9)
  30 wolves
  A deep elf fighter (D:13)
  10 hippogriffs
  4 vampire mosquitoes (D:14)
  A warg (Orc:1)
  2 nagas (Snake:1)
  10 porcupines
  32 orc warriors
  An ice beast (D:11)
  2 swamp drakes (Lair:8)
  9 soldier ants (Lair:7)
  27 water moccasins
  2 wasps (Lair:8)
  A necrophage (D:8)
  10 boggarts
  A black bear (D:11)
  18 ogres
  A centaur (shapeshifter) (D:15)
  4 sky beasts
  5 spiders (Lair:8)
  14 centaurs
  2 phantoms
  22 crocodiles
  2 big kobolds
  A gnoll sergeant (D:6)
  17 giant frogs
  A wyvern zombie (D:12)
  5 scorpions
  3 electric eels (D:15)
  A water moccasin skeleton (D:6)
  8 killer bees
  14 wights
  The ghost of Anothat the Insei, a weakling DsMo of Makhleb (D:3)
  4 crimson imps
  2 giant frog zombies
  3 wasp zombies
  30 orc wizards
  2 jellies
  3 quasits
  A gnoll shaman (D:4)
  28 orc priests
  5 centaur zombies
  7 hounds
  13 iguanas
  5 centaur skeletons
  7 sheep (Lair:8)
  31 worker ants
  15 gnolls
  87 river rats
  15 adders
  3 shadow imps
  2 oozes
  3 adder skeletons
  An adder zombie (D:5)
  3 worms
  7 giant geckos
  193 orcs
  3 ball pythons
  4 bats
  7 goblins
  2 hobgoblins
  18 kobolds
  8 quokkas
  5 giant cockroaches
  4 giant newts
  7 jackals
  A jackal skeleton (D:4)
  A quokka skeleton (D:4)
  A quokka zombie (D:6)
  5 rats
  A fungus (Lair:4)
  A plant (Lair:8)
1051 creatures vanquished.

Vanquished Creatures (collateral kills)
  A griffon (Lair:7)
  A torpor snail (Lair:6)
  A spiny frog (Lair:4)
  An orc warrior (Orc:2)
  An orc wizard (Orc:2)
  An orc (Orc:2)
6 creatures vanquished.

Vanquished Creatures (others)
  An orc wizard (Orc:3)
  A sheep (Lair:8)
  12 fungi
  5 plants
19 creatures vanquished.

Grand Total: 1076 creatures vanquished

Notes
Turn   | Place    | Note
--------------------------------------------------------------
     0 | D:1      | Hedron the Troll Hunter began the quest for the Orb.
     0 | D:1      | Reached XP level 1. HP: 19/19 MP: 0/0
   144 | D:1      | Reached skill level 1 in Unarmed Combat
   147 | D:1      | Reached XP level 2. HP: 27/27 MP: 1/1
   563 | D:2      | Found a faded altar to an unknown god.
   605 | D:2      | Became a worshipper of Makhleb the Destroyer
   605 | D:2      | Reached * piety under Makhleb
   780 | D:2      | Reached XP level 3. HP: 33/33 MP: 2/2
  1017 | D:2      | Reached skill level 4 in Throwing
  1475 | D:3      | Noticed Anothat's ghost (weakling DsMo)
  1477 | D:3      | Killed Anothat's ghost
  1477 | D:3      | Reached XP level 4. HP: 41/41 MP: 3/3
  1821 | D:3      | Noticed a scorpion
  1829 | D:3      | Killed a scorpion
  1829 | D:3      | Reached XP level 5. HP: 39/48 MP: 4/4
  1923 | D:3      | Reached ** piety under Makhleb
  2226 | D:4      | Got a slimy jade ring
  2233 | D:4      | Found Vyna's Magic Scroll Shop.
  2241 | D:4      | Bought a scroll of blinking for 82 gold pieces
  2242 | D:4      | Identified the ring "Duoto" {Wiz rPois Str+5 Slay+4} (You found it on level 4 of the Dungeon)
  2317 | D:4      | Found Tiqin's Distillery.
  2323 | D:4      | Bought a potion of heal wounds for 65 gold pieces
  2345 | D:4      | Found Deudduurr's Antique Armour Shoppe.
  2356 | D:4      | Reached XP level 6. HP: 52/55 MP: 5/5
  2460 | D:4      | Reached skill level 5 in Throwing
  2552 | D:4      | Found Zijukkih's Antique Armour Emporium.
  2598 | D:4      | Found Darrones's Distillery.
  2841 | D:5      | Entered Level 5 of the Dungeon
  2845 | D:5      | Reached skill level 5 in Unarmed Combat
  2891 | D:5      | Found a staircase to the Ecumenical Temple.
  2911 | Temple   | Entered the Ecumenical Temple
  3147 | D:5      | Reached *** piety under Makhleb
  3222 | D:5      | Noticed SaintRoka's ghost (novice NaTm)
  3231 | D:5      | Killed SaintRoka's ghost
  3231 | D:5      | Reached skill level 6 in Unarmed Combat
  3231 | D:5      | Reached XP level 7. HP: 62/62 MP: 6/6
  3462 | D:5      | Reached skill level 7 in Unarmed Combat
  3603 | D:6      | Reached XP level 8. HP: 64/70 MP: 7/7
  3701 | D:6      | Reached skill level 8 in Unarmed Combat
  3954 | D:6      | Found a radiant altar of Vehumet.
  3959 | D:6      | Found an iron altar of Okawaru.
  3960 | D:6      | Found a sparkling altar of Nemelex Xobeh.
  3964 | D:6      | Found a stormy altar of Qazlal.
  3969 | D:6      | Found a bloodstained altar of Trog.
  3971 | D:6      | Found an ancient bone altar of Kikubaaqudgha.
  4453 | D:7      | Found a blossoming altar of Fedhas.
  4498 | D:7      | Reached **** piety under Makhleb
  4561 | D:7      | Reached skill level 9 in Unarmed Combat
  4614 | D:7      | Reached XP level 9. HP: 76/76 MP: 8/8
  4649 | D:7      | Noticed a manticore
  4658 | D:7      | Killed a manticore
  4658 | D:7      | Reached skill level 10 in Unarmed Combat
  4711 | D:7      | Found a white marble altar of Elyvilon.
  4713 | D:7      | Noticed Prince Ribbit
  4722 | D:7      | Killed Prince Ribbit
  4897 | D:8      | Found a staircase to the Lair.
  4972 | D:8      | Found a shattered altar of Ashenzari.
  5179 | D:8      | You fall through a shaft!
  5470 | D:9      | Found a staircase to the Orcish Mines.
  5471 | D:9      | Noticed Grum
  5477 | D:9      | Reached ***** piety under Makhleb
  5477 | D:9      | Reached skill level 11 in Unarmed Combat
  5582 | D:9      | Reached XP level 10. HP: 40/85 MP: 9/9
  5586 | D:9      | Killed Grum
  5902 | D:9      | Reached skill level 12 in Unarmed Combat
  6746 | D:10     | Entered Level 10 of the Dungeon
  6748 | D:10     | Noticed a centaur warrior
  6787 | D:10     | Killed a centaur warrior
  6972 | D:10     | Found Japikeg's Jewellery Boutique.
  7093 | D:10     | Noticed a tengu warrior
  7107 | D:10     | Killed a tengu warrior
  7107 | D:10     | Reached skill level 13 in Unarmed Combat
  7731 | D:4      | Bought a potion of heal wounds for 55 gold pieces
  7778 | D:4      | Bought a shadowed robe for 182 gold pieces
  7788 | D:4      | Identified the cursed +1 robe "Wappesudgh" {rF+ Str+2} (You bought it in a shop on level 4 of the Dungeon)
  7819 | D:4      | Bought a potion of heal wounds for 65 gold pieces
  7960 | Lair:1   | Entered Level 1 of the Lair of Beasts
  8039 | Lair:1   | Noticed a black mamba
  8047 | Lair:1   | Killed a black mamba
  8127 | Lair:1   | Reached XP level 11. HP: 90/92 MP: 10/10
  8206 | Lair:1   | Reached skill level 10 in Throwing
  8619 | Lair:1   | Reached skill level 14 in Unarmed Combat
  8845 | Lair:1   | Noticed 1viktor's ghost (novice HOGl)
  8860 | Lair:1   | Killed 1viktor's ghost
  8998 | Lair:2   | Reached ****** piety under Makhleb
  9133 | Lair:2   | Found a white marble altar of Elyvilon.
  9415 | Lair:2   | Learned a level 1 spell: Apportation
  9417 | Lair:2   | Learned a level 1 spell: Summon Butterflies
 10000 | Lair:3   | Learned a level 4 spell: Passage of Golubria
 10577 | Lair:4   | Reached skill level 15 in Unarmed Combat
 10611 | Lair:4   | Noticed a five-headed hydra
 10615 | Lair:4   | Killed a five-headed hydra
 10615 | Lair:4   | Reached XP level 12. HP: 100/100 MP: 11/11
 11301 | Lair:5   | Found a staircase to the Shoals.
 11572 | Lair:5   | You fall through a shaft for 3 floors!
 11572 | Lair:8   | Entered Level 8 of the Lair of Beasts
 11572 | Lair:8   | Found a staircase to the Slime Pits.
 11627 | Lair:8   | Reached skill level 1 in Armour
 11655 | Lair:8   | Noticed an eight-headed hydra
 12046 | Lair:7   | Noticed a six-headed hydra
 12162 | Lair:7   | Reached skill level 16 in Unarmed Combat
 12253 | Lair:7   | Killed a six-headed hydra
 12433 | Lair:6   | Reached XP level 13. HP: 63/113 MP: 12/12
 13044 | Lair:6   | Found a staircase to the Snake Pit.
 14755 | Lair:8   | Noticed a fire dragon
 14768 | Lair:8   | Killed a fire dragon
 14942 | Lair:8   | Noticed a seven-headed hydra
 15031 | Lair:8   | Killed a seven-headed hydra
 15031 | Lair:8   | Reached skill level 17 in Unarmed Combat
 15033 | Lair:8   | Reached skill level 5 in Dodging
 15042 | Lair:8   | Reached skill level 5 in Fighting
 15167 | Lair:8   | Killed an eight-headed hydra
 15235 | Lair:8   | Reached XP level 14. HP: 127/127 MP: 13/13
 15240 | Lair:8   | Reached skill level 5 in Armour
 16449 | Orc:1    | Entered Level 1 of the Orcish Mines
 16947 | Orc:2    | Noticed Maurice
 16947 | Orc:2    | Noticed Maud
 16961 | Orc:1    | Killed Maud
 16966 | Orc:1    | Killed Maurice
 17496 | Orc:2    | Noticed Erolcha
 17500 | Orc:2    | Noticed Sonja
 17506 | Orc:2    | Killed Erolcha
 17530 | Orc:2    | Killed Sonja
 17570 | Orc:2    | Found Baor's Antique Armour Shop.
 17793 | Orc:2    | Upgraded the game from 0.17-b1-15-g0f5fb43 to 0.17.0-27-g4a3f43e
 17865 | Orc:3    | Noticed Nergalle
 17876 | Orc:3    | Killed Nergalle
 17906 | Orc:3    | Found a staircase to the Elven Halls.
 17932 | Orc:3    | Noticed Nessos
 17950 | Orc:3    | Killed Nessos
 18444 | Orc:3    | Found a roughly hewn altar of Beogh.
 18716 | Orc:4    | Entered Level 4 of the Orcish Mines
 18716 | Orc:4    | Found Cutyh's Jewellery Shoppe.
 19073 | Orc:4    | Found a roughly hewn altar of Beogh.
 19092 | Orc:4    | Found Hoimomy's Distillery.
 19102 | Orc:4    | Bought a potion of heal wounds for 70 gold pieces
 19102 | Orc:4    | Bought a potion of heal wounds for 70 gold pieces
 19304 | Orc:4    | Found a roughly hewn altar of Beogh.
 19334 | Orc:4    | Found Etuab's Food Shoppe.
 19384 | Orc:4    | Found a roughly hewn altar of Beogh.
 19454 | Orc:4    | Noticed an orc warlord
 19475 | Orc:4    | Paralysed by an orc sorcerer for 3 turns
 19592 | Orc:4    | Killed an orc warlord
 19746 | Orc:4    | Found Oqukhau's Antique Armour Shoppe.
 19747 | Orc:4    | Found a roughly hewn altar of Beogh.
 19761 | Orc:4    | Found Unlaix's Antique Weapon Emporium.
 19912 | Orc:4    | Bought the ring "Tiuxzufu" {+Fly rPois rF+ Dex+5 Stlth+} for 619 gold pieces
 20146 | D:4      | Bought a potion of beneficial mutation for 455 gold pieces
 20146 | D:4      | Gained mutation: Your flesh is cold resistant. [potion of beneficial mutation]
 20147 | D:4      | Bought a potion of heal wounds for 65 gold pieces
 20147 | D:4      | Bought a potion of haste for 130 gold pieces
 20413 | Orc:4    | Bought a potion of beneficial mutation for 490 gold pieces
 20413 | Orc:4    | Gained mutation: You can spit weak poison. [potion of beneficial mutation]
 20704 | D:11     | Found a portal to a secret trove of treasure.
 21082 | D:11     | Reached skill level 18 in Unarmed Combat
 21100 | D:11     | Noticed Urug
 21116 | D:11     | Killed Urug
 21121 | D:11     | Reached XP level 15. HP: 55/137 MP: 14/14
 21376 | D:11     | Found a stormy altar of Qazlal.
 21410 | D:11     | Identified the Catalogue of Noxious Battle Magic
 21602 | D:11     | Upgraded the game from 0.17.0-27-g4a3f43e to 0.17.0-28-g6e173f8
 22126 | D:12     | Reached skill level 1 in Invocations
 22691 | D:13     | Found a gate to the Vaults.
 22788 | D:13     | Reached skill level 5 in Invocations
 22953 | D:13     | Noticed asdu's ghost (journeyman HaFi)
 22967 | D:13     | Killed asdu's ghost
 24219 | D:14     | Found Neshros's Antique Weapon Emporium.
 24814 | D:15     | Entered Level 15 of the Dungeon
 25556 | D:15     | Reached skill level 10 in Invocations
 26051 | D:15     | Found a staircase to the Depths.
 26201 | D:15     | Upgraded the game from 0.17.0-28-g6e173f8 to 0.17.0-56-gd8de76c
 26247 | D:15     | Reached XP level 16. HP: 143/146 MP: 22/22
 26650 | Snake:1  | Entered Level 1 of the Snake Pit
 26909 | Snake:1  | HP: 5/146 [naga warrior/mace (15)]
 26917 | Snake:1  | HP: 2/146 [naga warrior/mace (11)]
 26917 | Snake:1  | Slain by a naga warrior

Action                   |  1- 3 |  4- 6 |  7- 9 | 10-12 | 13-15 | 16-18 || total
-------------------------+-------+-------+-------+-------+-------+-------++-------
Melee: Unarmed           |    73 |   128 |   187 |   567 |  1525 |    68 ||  2548
Throw: Large rock        |     8 |    10 |    13 |    96 |   101 |       ||   228
       Throwing net      |       |       |       |       |     2 |       ||     2
 Cast: Apportation       |       |       |       |       |     1 |       ||     1
Invok: Minor Destruction |       |     4 |       |       |       |       ||     4
       Lesser Servant of |       |       |       |     3 |       |       ||     3
Evoke: Wand              |       |       |       |     5 |     5 |       ||    10
       Lamp of fire      |       |       |       |       |     1 |       ||     1
  Use: Scroll            |     9 |     8 |     4 |    13 |     9 |       ||    43
       Potion            |       |     1 |       |     2 |    11 |     3 ||    17
 Stab: Sleeping          |       |     5 |     2 |     2 |    12 |       ||    21
       Paralysed         |       |       |       |       |     3 |       ||     3
       Distracted        |       |       |       |       |     4 |       ||     4
  Eat: Chunk             |    19 |    16 |    21 |    66 |   126 |     6 ||   254
       Royal jelly       |       |       |       |     1 |       |       ||     1
